 Dungeon Crawl Stone Soup version 0.28-a0-667-g162e43154e (webtiles) character file.

Game seed: 9613613964509282175

103646 BlueGoblin the Intangible (level 15, -31/67 HPs)
             Began as a Spriggan Monk on Oct 17, 2021.
             Was the Champion of Qazlal.
             Killed from afar by Nikola (37 damage)
             ... with an arc of chain lightning
             ... on level 1 of the Snake Pit.
             The game lasted 02:15:21 (37253 turns).

BlueGoblin the Intangible (Spriggan Monk)          Turns: 37253, Time: 02:15:22

Health: -31/67     AC:  8    Str: 11    XL:     15   Next: 89%
Magic:  16/16      EV: 54    Int: 10    God:    Qazlal [******]
Gold:   1369       SH: 22    Dex: 26    Spells: 14/14 levels left

rFire   . . .      SeeInvis +   a - +4 dagger (venom)
rCold   . . .      Faith    .   C - +2 buckler
rNeg    + + +      Spirit   .   x - +1 robe of Foolhardiness {rElec rN+++ Will- Stlth-}
rPois   +          Reflect  .   V - +2 hat {Will+}
rElec   +          Harm     .   y - +2 cloak {rPois}
rCorr   .          Rampage  .   (gloves unavailable)
Will    +++..                   (boots unavailable)
Stlth   +.........              H - amulet of regeneration
HPRegen 1.21/turn               Y - +4 ring of evasion
MPRegen 0.15/turn               Z - +6 ring of strength

@: repel missiles, very quick
A: very small, no large weapons, unfitting armour, see invisible, speed 3, agile
1, dopey 1, strong-willed 1, weak 1
a: Renounce Religion, Upheaval, Elemental Force, Disaster Area


You were on level 1 of the Snake Pit.
You worshipped Qazlal.
Qazlal was exalted by your worship.
You visited 5 branches of the dungeon, and saw 21 of its levels.

You collected 2265 gold pieces.
You spent 896 gold pieces at shops.

Inventory:

Hand Weapons
 a - a +4 dagger of venom (weapon)
 b - a +4 dagger of freezing
 u - a +1 dagger of draining
 w - a +6 dagger
 z - the +5 flail of Fragile Peace {elec, *Noise rC+ Dex+3}
   (You found it on level 5 of the Dungeon)

   It occasionally discharges a powerful burst of electricity upon striking a
   foe.
   Dex:       It affects your dexterity (+3).
   rC:        It protects you from cold.
   *Noise:    It may make noises in combat.
 K - a +3 scimitar of flaming
 X - a +2 dagger of holy wrath
Missiles
 g - 83 sling bullets
 l - 174 bolts
Armour
 x - the +1 robe of Foolhardiness (worn) {rElec rN+++ Will- Stlth-}
   (You found it on level 6 of the Lair of Beasts)

   rElec:     It insulates you from electricity.
   rN:        It renders you almost immune to negative energy.
   Will:      It decreases your willpower.
   Stlth:     It makes you less stealthy.
 y - a +2 cloak of poison resistance (worn)
 A - a +2 robe of positive energy
 C - a +2 buckler (worn)
 G - a +2 robe of fire resistance
 J - a +1 robe of willpower
 V - a +2 hat of willpower (worn)
Jewellery
 H - an amulet of regeneration (around neck)
 Y - a +4 ring of evasion (left hand)
 Z - a +6 ring of strength (right hand)
Wands
 m - a wand of flame (34)
 p - a wand of digging (6)
 q - a wand of mindburst (6)
 B - a wand of iceblast (30)
 E - a wand of acid (26)
Scrolls
 i - 7 scrolls of teleportation
 k - a scroll of immolation {unknown}
 D - a scroll of fear
 M - a scroll of amnesia
 N - 4 scrolls of enchant weapon
 O - 2 scrolls of holy word
 P - 4 scrolls of identify
 Q - a scroll of summoning
 S - a scroll of blinking
 W - a scroll of enchant armour
Potions
 c - 7 potions of curing
 d - 4 potions of flight
 e - 2 potions of berserk rage
 f - 4 potions of haste
 h - 6 potions of cancellation
 j - 4 potions of brilliance
 n - 2 potions of might
 o - 2 potions of degeneration {unknown}
 r - a potion of heal wounds {unknown}
 s - 2 potions of ambrosia
 v - 2 potions of resistance
 F - a potion of magic {unknown}
 L - 7 potions of lignification
 R - a potion of attraction {unknown}
 T - a potion of invisibility
Miscellaneous
 U - a phantom mirror (inert)


   Skills:
 - Level 2.4 Fighting
 - Level 3.2 Short Blades
 O Level 27 Dodging
 - Level 3.0 Stealth
 * Level 14.7 Shields


You had 14 spell levels left.
You didn't know any spells.
Your spell library contained the following spells:

 Spells                   Type           Power      Damage    Failure   Level
 Foxfire                  Conj/Fire      0%         2x1d4     36%         1
 Magic Dart               Conj           0%         1d3       36%         1
 Shock                    Conj/Air       0%         1d3       36%         1
 Ensorcelled Hibernation  Hex/Ice        0%         N/A       50%         2
 Searing Ray              Conj           0%         2d4       50%         2
 Slow                     Hex            0%         N/A       50%         2
 Confusing Touch          Hex            0%         N/A       75%         3
 Conjure Flame            Conj/Fire      0%         6-21      75%         3
 Gell's Gravitas          Tloc           0%         N/A       75%         3
 Inner Flame              Hex/Fire       0%         N/A       75%         3
 Lesser Beckoning         Tloc           0%         N/A       75%         3
 Spider Form              Tmut/Pois      0%         N/A       75%         3
 Stone Arrow              Conj/Erth      0%         3d7       75%         3
 Swiftness                Air            0%         N/A       75%         3
 Teleport Other           Tloc           0%         N/A       75%         3
 Tukima's Dance           Hex            0%         N/A       75%         3
 Vampiric Draining        Necr           0%         2d6       75%         3
 Airstrike                Air            0%         N/A       98%         4
 Flame Wave               Conj/Fire      0%         3d3       98%         4
 Fulminant Prism          Conj/Hex       0%         3d6       98%         4
 Iskenderun's Mystic Bla  Conj/Tloc      0%         2d3       98%         4
 Passage of Golubria      Tloc           N/A        N/A       98%         4
 Blade Hands              Tmut           0%         N/A       100%        5
 Irradiate                Conj/Tmut      0%         3d14      100%        5
 Iskenderun's Battlesphe  Conj           0%         2d6       100%        5
 Summon Forest            Summ/Tloc      0%         N/A       100%        5
 Yara's Violent Unravell  Hex/Tmut       0%         3d3       100%        5
 Dispersal                Tloc           0%         N/A       100%        6
 Eringya's Noxious Bog    Tmut/Pois      0%         N/A       100%        6
 Dragon Form              Tmut           0%         N/A       100%        7
 Summon Hydra             Summ           0%         N/A       100%        7
 Disjunction              Tloc           0%         N/A       100%        8
 Chain Lightning          Conj/Air       0%         N/A       100%        9
 Fire Storm               Conj/Fire      0%         5d1       100%        9
 Shatter                  Erth           0%         3d5*      100%        9


Dungeon Overview and Level Annotations

Branches:
Dungeon (10/15)            Temple (1/1) D:6            Lair (6/6) D:10
 Shoals (0/4) Lair:4        Snake (2/4) Lair:2        Slime (0/5) Lair:6
    Orc (2/2) D:10            Elf (0/3) Orc:2

Altars:
Ashenzari
Cheibriados
Dithmenos
Elyvilon
Fedhas
Gozag
Hepliaklqana
Kikubaaqudgha
Makhleb
Nemelex Xobeh
Okawaru
Qazlal
Ru
Sif Muna
Trog
Uskayaw
Vehumet
Wu Jian
Xom
Yredelemnul
Zin
The Shining One
Jiyva

Shops:
D:5 ?   D:6 *   Orc:2 :[[*:   Snake:1 ?((

Portals:
Abyss: Orc:1

Annotations:
D:4 Grinder, Menkaure
D:6 exclusion: oklob plant
D:10 exclusion: orange crystal statue
Snake:1 Nikola
Orc:1 2 transporters, Anuhiqid's ghost, journeyman TeBe


Innate Abilities, Weirdness & Mutations

You are very small and have problems with some larger weapons.
You are too small for most types of armour.
You have supernaturally acute eyesight. (SInv)
You cover ground extremely quickly. (Speed+++)
You are agile. (Dex +2)
You are dopey. (Int -2)
You are strong-willed. (Will+)
You are weak. (Str -2)


Message History

Nikola is lightly wounded.
Nikola is engulfed in freezing vapours.
Nikola completely misses you.
You hit Nikola.
Nikola looks as sick as possible!
Nikola is lightly wounded.
Nikola is engulfed in freezing vapours.
Nikola casts a spell.
Lightning arcs from Nikola's hands!
The bolt of lightning hits you!!! You resist.
Ouch! That really hurt!
* * * LOW HITPOINT WARNING * * *
A bolt of lightning appears from out of thin air!
The bolt of lightning hits Nikola!
Nikola is engulfed in freezing vapours.
There is a stone staircase leading down here.
Nikola mumbles some strange words.
Nikola blinks!
There is an open door here.
There is a stone staircase leading down, spattered with blood here.
Items here: ( )) [.
You see here a +0 trident.
Items here: )) [[.
Things that are here:
a +0 robe; a +0 battleaxe You start resting.
Nikola is nearby!
Nikola mumbles some strange words.
Lightning arcs from Nikola's hands!
The bolt of lightning hits you!!! You resist.
Ouch! That really hurt!
* * * LOW HITPOINT WARNING * * *
A bolt of lightning appears from out of thin air!
The bolt of lightning hits Nikola!
You see here a +0 glaive.
There is a large open door, spattered with blood here.
You see here a +0 morningstar.
Nikola gestures wildly while chanting.
Lightning arcs from Nikola's hands!
The bolt of lightning hits you!!! You resist.
Ouch! That really hurt!
You die...

..## #### #.##...).....## ###
#..## #..##.......##.
##..####..###[([###..
##..####.# #[8.#....
####..###'###.#.#....
##...#..##.##..#.[[###
#..§..#..#.##.######
#.....§#.§.##.##
##.<○@○.'.)@...#
###.###..'[.....#
##8.[.8##.#.###''##
##########8..#..8###.##....##
.......##8.......8##.#......##
......##8....∩....8###.......#
#######8...........8##.......#
###.............#+.......#
#...#....#....#..........#


You could see Nikola (poisoned).

Vanquished Creatures
  Donald (Snake:1)
  Aizul (Snake:1)
  Louise (Snake:1)
  Josephine (Orc:2)
  A fire dragon (Lair:5)
  8 hydras
  A centaur warrior (D:9)
  6 naga warriors
  2 ogre magi
  Erica (Lair:1)
  8 anacondas
  A tengu warrior (D:8)
  10 two-headed ogres
  A catoblepas (Lair:6)
  13 death yaks
  2 shock serpents (Snake:1)
  6 naga sharpshooters
  A fire crab (Lair:6)
  Nergalle (Lair:1)
  A swamp dragon (Lair:5)
  2 deep trolls (Orc:1)
  A naga ritualist (Snake:2)
  A lindwurm (Lair:6)
  An orc knight (Orc:1)
  4 mana vipers
  2 wolf spiders (Orc:1)
  2 cyclopes
  2 manticores
  2 salamanders (Snake:1)
  14 black mambas
  25 elephants
  8 naga magi
  2 guardian serpents
  14 cane toads
  A gargoyle (D:10)
  8 rime drakes
  9 komodo dragons
  11 trolls
  A hornet (D:9)
  4 polar bears
  19 blink frogs
  16 dream sheep
  A redback (Orc:1)
  Sigmund (D:1)
  A tarantella (Orc:1)
  3 wraiths (Orc:1)
  A vampire (D:9)
  2 wyverns
  Grum (Lair:1)
  42 yaks
  2 steam dragons
  5 basilisks
  22 nagas
  8 acid dragons
  3 wargs
  10 water moccasins
  2 ice beasts
  A black bear (D:4)
  A swamp drake (Lair:5)
  15 orc warriors
  3 sky beasts
  6 necrophages (Lair:3)
  17 ogres
  6 wolves
  6 centaurs
  4 kobold brigands
  12 bullfrogs
  A scorpion (D:7)
  2 gnoll sergeants
  6 killer bees (D:9)
  12 wights
  4 electric eels (D:7)
  8 orc priests
  6 jellies (D:6)
  A centaur skeleton (D:6)
  4 iguanas
  Ijyb (D:3)
  9 orc wizards
  A killer bee zombie (D:6)
  13 gnolls
  6 adders
  A shadow imp (D:7)
  A white imp (D:6)
  3 ufetubi
  An adder skeleton (D:4)
  2 worms
  2 dart slugs
  51 orcs
  3 ball pythons
  17 endoplasms
  3 giant cockroaches
  10 goblins
  5 hobgoblins
  4 jackals (D:1)
  2 quokkas
  4 bats
  2 frilled lizards (D:1)
  17 kobolds
  3 rats
596 creatures vanquished.

Vanquished Creatures (others)
  Asterion (Lair:2)
  An elephant (Lair:6)
  A dream sheep (Lair:6)
  2 nagas (Snake:2)
  An orc wizard (D:8)
  An iguana (Lair:6)
  A bush (Lair:5)
  58 fungi
  92 plants
158 creatures vanquished.

Grand Total: 754 creatures vanquished

Notes
Turn   | Place    | Note
-------+----------+-------------------------------------------
     0 | D:1      | BlueGoblin the Spriggan Monk began the quest for the Orb.
     0 | D:1      | Reached XP level 1. HP: 11/11 MP: 2/2
   594 | D:1      | Reached XP level 2. HP: 16/16 MP: 3/3
   620 | D:1      | Reached skill level 5 in Dodging
  1369 | D:1      | Reached XP level 3. HP: 19/19 MP: 4/4
  1640 | D:2      | Reached skill level 6 in Dodging
  2117 | D:2      | Noticed Sigmund
  2163 | D:2      | Found a faded altar of an unknown god.
  2494 | D:2      | Found a shimmering blue altar of Sif Muna.
  3294 | D:3      | Noticed Ijyb
  3363 | D:3      | Killed Ijyb
  3364 | D:3      | Reached XP level 4. HP: 13/23 MP: 5/5
  3656 | D:1      | Killed Sigmund
  3657 | D:1      | Reached skill level 8 in Dodging
  3657 | D:1      | Reached XP level 5. HP: 22/27 MP: 6/6
  4217 | D:3      | Reached XP level 6. HP: 21/32 MP: 7/7
  4548 | D:4      | Reached skill level 9 in Dodging
  4572 | D:4      | Noticed Grinder
  4591 | D:4      | Noticed Menkaure
  4828 | D:4      | Noticed an ice beast
  5398 | D:3      | Killed an ice beast
  5765 | D:4      | Reached skill level 10 in Dodging
  6123 | D:5      | Entered Level 5 of the Dungeon
  6326 | D:5      | Identified the +5 flail of Fragile Peace {elec, *Noise rC+
                  | Dex+3}
  6467 | D:5      | Found Osasm's Magic Scroll Boutique.
  6703 | D:5      | Noticed a sky beast
  6919 | D:5      | Reached XP level 7. HP: 30/35 MP: 8/8
  6949 | D:5      | Reached skill level 11 in Dodging
  7542 | D:6      | Found Ygrim's Neck Hole.
  7617 | D:6      | Found a staircase to the Ecumenical Temple.
  7895 | D:6      | Found a broken altar of Ashenzari.
  7954 | D:6      | Reached skill level 12 in Dodging
  8245 | Temple   | Entered the Ecumenical Temple
  8441 | Temple   | Became a worshipper of Qazlal Stormbringer
  8441 | Temple   | Reached * piety under Qazlal
  8441 | Temple   | Reached ** piety under Qazlal
  8677 | D:5      | Reached XP level 8. HP: 30/39 MP: 9/9
  9258 | D:6      | Reached skill level 13 in Dodging
  9294 | D:6      | Noticed an oklob plant
 10125 | D:6      | Reached skill level 14 in Dodging
 10549 | D:6      | Found a faded altar of an unknown god.
 10549 | D:6      | Found an opulent altar of Gozag.
 10557 | D:6      | Found a faded altar of an unknown god.
 10559 | D:6      | Found a shimmering altar of Xom.
 10561 | D:6      | Found a bloodstained altar of Trog.
 10617 | D:6      | Bought a +2 cloak of poison resistance for 259 gold pieces
 11086 | D:7      | Reached skill level 15 in Dodging
 11377 | D:7      | Reached XP level 9. HP: 35/43 MP: 10/10
 11647 | D:7      | Reached *** piety under Qazlal
 11683 | D:7      | Found a transporter.
 11715 | D:7      | Found a transporter.
 12681 | D:8      | Noticed a two-headed ogre
 13125 | D:7      | Killed a two-headed ogre
 13126 | D:7      | Reached skill level 17 in Dodging
 13906 | D:8      | Got the Guide on Conjuration
 13911 | D:8      | Noticed a tengu warrior
 13967 | D:8      | Killed a tengu warrior
 13968 | D:8      | Reached skill level 18 in Dodging
 13968 | D:8      | Reached XP level 10. HP: 46/47 MP: 7/11
 14435 | D:8      | Found the +27 Lear's hauberk
 15074 | D:9      | Reached skill level 19 in Dodging
 15416 | D:9      | Reached skill level 1 in Shields
 16238 | D:9      | Noticed a centaur warrior
 16873 | D:10     | Entered Level 10 of the Dungeon
 17352 | D:10     | Reached skill level 20 in Dodging
 18285 | D:10     | Noticed an orange crystal statue
 18753 | D:10     | Noticed a two-headed ogre
 18921 | D:9      | Killed a two-headed ogre
 19224 | D:10     | Found a staircase to the Orcish Mines.
 19244 | D:10     | Found a staircase to the Lair.
 19537 | Orc:1    | Entered Level 1 of the Orcish Mines
 19552 | D:10     | Reached XP level 11. HP: 36/51 MP: 12/12
 20386 | D:10     | Reached skill level 21 in Dodging
 20506 | Lair:1   | Entered Level 1 of the Lair of Beasts
 20536 | Lair:1   | Found a hide-covered altar of Uskayaw.
 20549 | Lair:1   | Noticed Grum
 20610 | Lair:1   | Killed Grum
 21094 | D:9      | Killed a centaur warrior
 21765 | Lair:1   | Noticed Nergalle
 21776 | Lair:1   | Killed Nergalle
 21777 | Lair:1   | Reached skill level 22 in Dodging
 22067 | Lair:1   | Noticed Erica
 22161 | Lair:1   | Killed Erica
 22162 | Lair:1   | Reached skill level 5 in Shields
 22267 | Lair:1   | Noticed an eight-headed hydra
 22417 | Lair:1   | Killed a five-headed hydra
 22743 | Lair:2   | Found a staircase to the Snake Pit.
 22933 | Lair:2   | Reached XP level 12. HP: 53/56 MP: 13/13
 23423 | Lair:2   | Reached skill level 23 in Dodging
 23688 | Lair:2   | Reached **** piety under Qazlal
 23934 | Lair:2   | Found a glowing golden altar of the Shining One.
 24085 | Lair:2   | Identified the +1 pair of gloves "Qorigiuj" {rF+ Regen+
                  | Int+4}
 25383 | Lair:4   | Reached skill level 24 in Dodging
 25404 | Lair:4   | Reached XP level 13. HP: 53/59 MP: 14/14
 25884 | Lair:4   | Found a staircase to the Shoals.
 26120 | Lair:4   | Reached ***** piety under Qazlal
 26492 | Lair:5   | Reached skill level 25 in Dodging
 27337 | Lair:5   | You fall into a shaft and drop 1 floor!
 27337 | Lair:6   | Entered Level 6 of the Lair of Beasts
 27880 | Lair:5   | You fall into a shaft and drop 1 floor!
 28073 | Lair:6   | Reached XP level 14. HP: 63/63 MP: 15/15
 28098 | Lair:6   | Reached skill level 10 in Shields
 28107 | Lair:6   | Reached skill level 26 in Dodging
 28145 | Lair:6   | Gained mutation: Your flesh is heat resistant. (rF+)
                  | [mutagenic glow]
 28185 | Lair:6   | Gained mutation: You are dopey. (Int -2) [mutagenic glow]
 28604 | Lair:6   | Found a staircase to the Slime Pits.
 28604 | Lair:6   | Found a viscous altar of Jiyva.
 30063 | Lair:6   | Reached skill level 27 in Dodging
 30272 | Lair:6   | Identified the +1 robe of Foolhardiness {rElec rN+++ Will-
                  | Stlth-}
 30584 | Orc:1    | Found a one-way gate to the infinite horrors of the Abyss.
 30584 | Orc:1    | Noticed Anuhiqid's ghost (journeyman TeBe)
 30674 | Orc:1    | Found a transporter.
 30677 | Orc:1    | Found a transporter.
 30718 | Orc:1    | Reached ****** piety under Qazlal
 30848 | Orc:1    | Noticed a cyan very ugly thing
 30851 | Orc:1    | Noticed a cyan very ugly thing
 31593 | Orc:2    | Entered Level 2 of the Orcish Mines
 31600 | Orc:2    | Found Uqiatrul's Antique Armour Shop.
 31618 | Orc:2    | Noticed Josephine
 32276 | Orc:1    | Reached XP level 15. HP: 59/67 MP: 16/16
 32331 | Orc:2    | Killed Josephine
 32591 | Orc:2    | Found Ifreosea's Book Emporium.
 32668 | Orc:2    | Found Omathrek's Assorted Antiques.
 32671 | Orc:2    | Found Ymufar's Book Shoppe.
 32678 | Orc:2    | Bought a scroll of enchant weapon for 195 gold pieces
 32678 | Orc:2    | Bought an agate ring for 130 gold pieces
 32681 | Orc:2    | Found Cisaisei's Armour Boutique.
 32833 | Orc:2    | Found a staircase to the Elven Halls.
 33040 | Snake:1  | Entered Level 1 of the Snake Pit
 33042 | Snake:1  | Found Myash's Magic Scroll Shoppe.
 33044 | Snake:1  | Found Desuysye's Antique Weapon Emporium.
 33109 | Snake:1  | Bought a scroll of enchant armour for 142 gold pieces
 33118 | Snake:1  | Noticed Donald
 33149 | Snake:1  | Killed Donald
 33543 | Snake:1  | You fall into a shaft and drop 1 floor!
 33604 | Snake:2  | Noticed Aizul
 33779 | Snake:2  | Noticed Louise
 33971 | Snake:1  | Found Nitam's Antique Weapon Shop.
 34631 | Snake:1  | Bought a runed dagger for 170 gold pieces
 35306 | Snake:1  | Killed Louise
 35476 | Snake:2  | Noticed Asterion
 35496 | Snake:2  | Gained mutation: You are weak. (Str -2) [a cacodemon]
 35771 | Lair:2   | Killed Asterion
 35901 | Snake:1  | Killed Aizul
 36479 | Snake:2  | Noticed Nikola
 36898 | Snake:2  | Lost mutation: Your flesh is heat resistant. (rF+) [potion
                  | of mutation]
 36898 | Snake:2  | Gained mutation: You are strong-willed. (Will+) [potion of
                  | mutation]
 36898 | Snake:2  | Gained mutation: You are agile. (Dex +2) [potion of
                  | mutation]
 37248 | Snake:1  | HP: 2/67 [Nikola/arc of chain lightning (56)]
 37253 | Snake:1  | Killed from afar by Nikola

Illustrated notes

Levels and vault maps discovered:
D:1:      grunt_arrival_crossed_arrows, layout_basic
D:2:      layout_loops_ring, basic_altar,
          shapermc_ecumenical_altar_mp_highgroup, serial_park_tiny_pond,
          uniq_sigmund
D:3:      layout_basic, small_statue_intersection, grunt_ministairs_9,
          minmay_misc_feat_more_columns, chequers_serial_rivers_marsh,
          kennysheep_donut, uniq_ijyb
D:4:      layout_basic, uniq_menkaure, uniq_grinder
D:5:      layout_loops_ring, serial_shops, nicolae_shop_trees
D:6:      lemuel_slime, layout_cave_pools, mainiacjoe_overflow_surrounded_room,
          chequers_temple_overflow_minitemple,
          minmay_temple_entry_drinking_statues, cheibrodos_sewer_entry_bend,
          nicolae_shop_sticking_my_neck_out
D:7:      gammafunk_steamed_eel, layout_basic, chequers_garden
D:8:      layout_rooms, nicolae_wwwww, hellmonk_guarded_unrand_lears
D:9:      layout_basic
D:10:     layout_gridville, lair_entry_dummy, orc_0_dummy, serial_glass,
          glass_columns_c, glass_columns_b, glass_columns_a, glass_columns_a,
          glass_columns_b, glass_columns_a, disabler_island
Temple:   regret_index_temple_mists
Lair:1:   layout_gridlike, portal_ice_cave_rime, basic_altar, lemuel_fruit_tree,
          infiniplex_staircase_pool, grunt_megastairs_2, uniq_erica,
          uniq_nergalle, uniq_grum
Lair:2:   layout_loops_ring, minmay_snake_entry_guardpost_small, basic_altar
Lair:3:   layout_cave_shapes, small_statue_intersection,
          chequers_serial_rivers_large_b, roderic_carrion_pond
Lair:4:   layout_hall_layers, minmay_shoals_entry_centaurs
Lair:5:   layout_loops_ring, wad_woods_road_01, grunt_forest_stairs_basic,
          guppyfry_lair_drakes
Lair:6:   hangedman_lair_in_review, layout_concentric_octagons,
          guppyfry_lair_end_dragon, slime_altar_1, serial_bayou_crossing
Snake:1:  layout_gridlike, serial_shops, shop, corexii_hall_statues_u,
          grunt_megastairs_5, minmay_shoptagon, uniq_donald
Snake:2:  layout_misc_corridors, nicolae_snake_omega, grunt_megastairs_4,
          uniq_asterion, uniq_nikola, uniq_aizul, uniq_louise
Orc:1:    nicolae_orc_accident_3, layout_caves, gammafunk_ghost_abyssal_escape
Orc:2:    st_orc_open, layout_caves, serial_shops, nicolae_square_shop,
          uniq_josephine

Skill      XL: |  1  2  3  4  5  6  7  8  9 10 11 12 13 14 15 |
---------------+----------------------------------------------+-----
Dodging        | 5 6 8 10 12 15 18 20 22 24 25 27 | 27.0
Shields        | 2 5 8 9 12 14 | 14.7
Fighting       | |  2.4
Short Blades   | |  3.2
Stealth        | |  3.0

Action                   |  1- 3 |  4- 6 |  7- 9 | 10-12 | 13-15 || total
-------------------------+-------+-------+-------+-------+-------++-------
Melee: Short sword       |   184 |    86 |       |       |       ||   270
       Flail             |       |    18 |    21 |   232 |    75 ||   346
       Dagger            |       |       |   352 |   921 |  2595 ||  3868
       Scimitar          |       |       |       |     3 |     8 ||    11
Throw: Dart              |     3 |    47 |       |       |       ||    50
Invok: Upheaval          |       |       |    11 |     2 |       ||    13
Evoke: Wand              |       |       |       |     2 |     1 ||     3
       Phantom mirror    |       |       |       |       |     1 ||     1
  Use: Scroll            |       |     6 |    12 |     9 |     5 ||    32
       Potion            |       |       |     2 |     2 |     1 ||     5
 Stab: Sleeping          |    13 |     4 |     1 |       |       ||    18
       Petrifying        |       |       |       |       |     1 ||     1
       Distracted        |       |       |       |       |     1 ||     1
Armor: Robe              |    12 |    16 |    17 |    31 |    70 ||   146
Dodge: Dodged            |   150 |   115 |   346 |  1062 |  2421 ||  4094
       Repelled          |       |       |       |     1 |    28 ||    29
Block: Other             |       |       |    27 |     4 |       ||    31
       Buckler           |       |       |       |   706 |  2818 ||  3524

Table legend: (Time is in decaauts)
 A = Elapsed time spent in this place.
 B = Non-inter-level travel time spent in this place.
 C = Inter-level travel time spent in this place.
 D = Time resting spent in this place.
 E = Time spent auto-exploring this place.
 F = Levels seen in this place.
 G = Mean time per level.
                   A        B        C        D        E       F      G
               +--------+--------+--------+--------+--------+-----+--------+
         Total |  29562 |  28473 |   1089 |   9752 |   9074 |  21 | 1407.7 |
       Dungeon |  17142 |  16625 |    517 |   7650 |   5389 |  10 | 1714.2 |
        Temple |    199 |    156 |     43 |      0 |    132 |   1 |  199.0 |
          Lair |   7308 |   7043 |    265 |   1400 |   2305 |   6 | 1218.0 |
     Snake Pit |   3058 |   3007 |     51 |    631 |    527 |   2 | 1529.0 |
  Orcish Mines |   1854 |   1641 |    213 |     70 |    719 |   2 |  927.0 |
               +--------+--------+--------+--------+--------+-----+--------+

Top non-repeatable levels by time:
     D:9: 2462 daAuts
     D:5: 2320 daAuts
     D:7: 2189 daAuts
    D:10: 2037 daAuts
 Snake:1: 1964 daAuts
     D:8: 1959 daAuts
     D:3: 1610 daAuts
  Lair:6: 1544 daAuts
  Lair:1: 1434 daAuts
     D:6: 1413 daAuts
     D:1: 1381 daAuts
  Lair:5: 1377 daAuts
   Orc:1: 1350 daAuts
     D:2: 1253 daAuts
  Lair:2: 1205 daAuts
